AoeStats
← Kool Aid Kid

Highland

506729256Analyzed
2v2 RM · 18d ago on Sep 14, 2026· 31m 31s· 4 players
Game mode
Random Map
Map size
Medium (4 player)
Population
200
Speed
Normal
Resources
Standard
Victory
Conquest
Starting age
Dark Age
Ending age
Imperial Age
RankedLock teamsTeams togetherTeam positionsShared explorationLock speedFull tech treeHidden civsTurbo modeCheats
Victory
Defeat
🇺🇸 Cumans · United States
994
+18
🇺🇸 Bulgarians · United States
990
+17
🇫🇷 Khmer · France
1044
-18
🇨🇳 Persians · China
1019
-17
Kool Aid Kid
11:20 Feudal Age
12:53 Horse Collar
17:44 Forging
24:45 Scale Mail Armor
28:23 Arson
28:37 Double-Bit Axe
28:48 Gold Mining
reemsauce
11:00 Feudal Age
31:47 Castle Age
Shakly
9:46 Feudal Age
15:07 Castle Age
13:45 Horse Collar
13:53 Double-Bit Axe
15:03 Loom
17:09 Bow Saw
19:51 Man-at-Arms
21:41 Long Swordsman
28:28 Scale Barding Armor
1627684093
0:52 Loom
13:07 Feudal Age
14:20 Double-Bit Axe
14:18 Horse Collar
20:46 Bloodlines
22:39 Castle Age
Connection lost

Rejoining the realm…

Still unreachable

The connection could not be restored.

Session expired

The server has moved on; the page needs a fresh start.